AoeStats
← lahwy

Arabia

510345401Analyzed
2v2 RM · 1d ago on Sep 30, 2026· 54m 33s· 4 players
Game mode
Random Map
Map size
Medium (4 player)
Population
200
Speed
Normal
Resources
Standard
Victory
Conquest
Starting age
Dark Age
Ending age
Imperial Age
RankedLock teamsTeams togetherTeam positionsShared explorationLock speedFull tech treeHidden civsTurbo modeCheats
Victory
Defeat
🇨🇿 Khmer · Czechia
725
+17
🇨🇿 Romans · Czechia
717
+17
🇸🇰 Bohemians · Slovakia
744
-17
🇸🇰 Chinese · Slovakia
744
-17
lahwy
0:38 Loom
11:18 Feudal Age
12:37 Double-Bit Axe
12:34 Horse Collar
17:17 Gold Mining
17:45 Scale Barding Armor
17:50 Forging
19:13 Bloodlines
25:22 Castle Age
23:33 Fletching
23:50 Padded Archer Armor
26:07 Bodkin Arrow
26:29 Bow Saw
26:22 Heavy Plow
26:46 Elite Skirmisher
27:45 Leather Archer Armor
27:28 Town Watch
28:19 Wheelbarrow
27:53 Stone Mining
31:41 Ballistics
31:32 Masonry
31:52 Husbandry
34:08 Hand Cart
34:25 Town Patrol
39:15 Imperial Age
37:51 Iron Casting
37:30 Crossbowman
38:45 Heated Shot
41:36 Chemistry
41:08 Architecture
44:50 Bracer
45:21 Ring Archer Armor
45:52 Blast Furnace
44:52 Scale Mail Armor
45:14 Chain Barding Armor
44:48 Elite Battle Elephant
54:14 Tusk Swords
LangyMeister
7:07 Loom
10:10 Feudal Age
12:11 Man-at-Arms
13:46 Horse Collar
18:07 Forging
26:05 Castle Age
24:00 Double-Bit Axe
26:36 Gold Mining
29:48 Stone Mining
30:35 Gold Shaft Mining
50:14 Imperial Age
52:42 Elite Centurion
Dr. Radko
4:44 Loom
10:15 Feudal Age
16:37 Fletching
16:37 Town Watch
16:36 Horse Collar
16:44 Double-Bit Axe
20:34 Castle Age
22:48 Bodkin Arrow
22:54 Padded Archer Armor
27:38 Leather Archer Armor
28:44 Ballistics
47:00 Imperial Age
45:53 Chemistry
samcút_NT
1:39 Loom
8:40 Loom
10:39 Feudal Age
11:15 Horse Collar
22:51 Castle Age
27:51 Loom
33:47 Husbandry
33:58 Bloodlines
35:50 Gold Mining
40:24 Padded Archer Armor
40:14 Fletching
47:26 Ballistics
51:27 Imperial Age
53:51 Masonry
Connection lost

Rejoining the realm…

Still unreachable

The connection could not be restored.

Session expired

The server has moved on; the page needs a fresh start.